Cogmind - Beta 15 @@@ ROGUE MODE // 2025.07.28 @ 15:29:58 Player: Mogwok Wargfriend Result: Destroyed by Dirty Bomb Trap Performance ------------- Evolutions (5) 2500 Regions Visited (20) 4000 Robots Destroyed (237) 1185 Value Destroyed (7606) 7606 Prototype IDs (52) 1040 Alien Tech Used (0) 0 Bonus (3593) 3593 TOTAL SCORE: 19924 Bonus ------- High Alert Combat Kills 171 Follower Combat Kills 1542 Aligned with FarCom 300 Met Data Miner 300 Met Imprinter 300 Met Warlord at Base 500 MAIN.C Attacked Warlord 500 Warlord Defense Kills 248 Friendly Fire -268 Cogmind --------- Core Integrity 0/1000 Matter 253/300 Energy 34/150 System Corruption 10% Temperature Cool (0) Movement Core (650) Ox12 Location -5/Warlord Parts ------- > --- POWER (2) -------- Micro Nuclear Core > --- PROPULSION (4) --- (None) > --- UTILITY (9) ------ Large Storage Unit Advanced Signal Interpreter Advanced Targeting Computer Experimental Armor Integrity Analyzer Makeshift Light Armor Plating Makeshift Hacking Suite System Mapper System Purifier > --- WEAPON (2) ------- Vortex Lance > --- INVENTORY (15) --- Advanced Heat Sink Advanced Heat Sink Advanced Cooling System Large Storage Unit Energy Well (279) Heavy Plasma Cannon Compact Ion Cannon Peak State ------------ > --- POWER ------------ Light Angular Momentum Engine Neutrino Core > --- PROPULSION ------- Flexi-carbon Leg Flexi-carbon Leg Enhanced Biometal Leg Enhanced Biometal Leg > --- UTILITY ---------- Large Storage Unit Advanced Signal Interpreter Advanced Targeting Computer Experimental Armor Integrity Analyzer Makeshift Light Armor Plating Makeshift Hacking Suite System Mapper Improved System Shield System Purifier > --- WEAPON ----------- Compact Ion Cannon Vortex Lance > --- INVENTORY -------- Micro Nuclear Core Antimatter Reactor Armored Medium Treads Flexi-carbon Leg Advanced Heat Sink Advanced Heat Sink Advanced Cooling System Large Storage Unit Energy Well Makeshift Light Armor Plating Makeshift Light Armor Plating Beamcaster Wave Gun Heavy Plasma Cannon Compact Ion Cannon [Rating: 111] Favorites ----------- Power Light Fission Core Engine Light Ion Engine Power Core Light Fission Core Reactor Light Antimatter Reactor Propulsion Wheel Treads Armored Medium Treads Leg Flexi-carbon Leg Wheel Wheel Flight Unit Flight Unit Utility Large Storage Unit Device Improved Heat Sink Storage Large Storage Unit Processor Advanced Targeting Computer Hackware Hacking Suite Protection Improved Light Armor Plating Weapon Thermic Laser Energy Gun Thermic Laser Energy Cannon Ion Cannon Ballistic Gun Minigun Ballistic Cannon Gauss Cannon Launcher Heavy Rocket Launcher Impact Weapon Makeshift Hammer Slashing Weapon Ripper Piercing Weapon Vortex Lance Build | -11 -10 -10 -10 -9 -8 -7 -7 -7 -7 -6 -6 -6 -6 -6 -6 -5 -5 -5 -5 -5 ------- Run | Yrd Mat Min Exi Min Mat Fac Low Low Dat Pro Fac Was Fac Low Zio Pro Fac Upp Upp War Slots Evolved 10 | . . . . . 4 2 . . . . 2 . . . . . 2 . . . Power 1 | . . . . . . . . . . . 1 . . . . . . . . . Propulsion 2 | . . . . . 1 . . . . . . . . . . . 1 . . . Utility 7 | . . . . . 3 2 . . . . 1 . . . . . 1 . . . Weapon . | . . . . . . . . . . . . . . . . . . . . . Parts Attached 222 | 7 12 12 . 4 26 20 13 4 . 9 47 2 5 2 11 3 24 7 2 12 Power 27 | 1 . 2 . . 4 1 2 1 . 2 5 . 2 . . . 2 2 1 2 Engine 15 | 1 . 2 . . 4 1 1 . . 2 3 . . . . . . 1 . . Core 9 | . . . . . . . 1 1 . . 2 . 1 . . . 2 . 1 1 Reactor 3 | . . . . . . . . . . . . . 1 . . . . 1 . 1 Propulsion 53 | 2 3 5 . 2 6 4 3 1 . 2 11 . . . . 1 10 . . 3 Treads 4 | . . . . . . . 1 . . . 1 . . . . 1 1 . . . Leg 25 | . . . . . 4 1 1 . . 2 7 . . . . . 7 . . 3 Wheel 22 | 2 3 3 . 2 2 3 1 1 . . 3 . . . . . 2 . . . Hover . | . . . . . . . . . . . . . . . . . . . . . Flight 2 | . . 2 . . . . . . . . . . . . . . . . . . Utility 92 | 2 4 1 . 1 8 10 5 2 . 2 27 1 2 2 10 2 8 1 1 3 Device 29 | 1 2 1 . 1 3 2 2 . . . 10 1 . . . . 5 . . 1 Storage 8 | 1 2 . . . 1 1 1 . . . 2 . . . . . . . . . Processor 26 | . . . . . 1 2 . 1 . 1 8 . . 2 9 1 . . . 1 Hackware 7 | . . . . . . 1 . . . . 2 . . . 1 . 2 . . 1 Protection 22 | . . . . . 3 4 2 1 . 1 5 . 2 . . 1 1 1 1 . Artifact . | . . . . . . . . . . . . . . . . . . . . . Weapon 50 | 2 5 4 . 1 8 5 3 . . 3 4 1 1 . 1 . 4 4 . 4 Energy Gun 21 | 1 2 2 . . 4 2 2 . . 1 1 1 . . . . 1 1 . 3 Energy Cannon 13 | . . . . 1 1 3 1 . . . 1 . 1 . 1 . 3 1 . . Ballistic Gun 7 | 1 2 2 . . 2 . . . . . . . . . . . . . . . Ballistic Cannon 1 | . . . . . . . . . . . 1 . . . . . . . . . Launcher 2 | . . . . . . . . . . 2 . . . . . . . . . . Special Weapon . | . . . . . . . . . . . . . . . . . . . . . Impact Weapon 2 | . 1 . . . . . . . . . 1 . . . . . . . . . Slashing Weapon 3 | . . . . . 1 . . . . . . . . . . . . 2 . . Piercing Weapon 1 | . . . . . . . . . . . . . . . . . . . . 1 Special Melee Weapon . | . . . . . . . . . . . . . . . . . . . . . Unidentified Prototypes 18 | . . . . . 2 1 . . . . 1 . 1 . 6 . 2 . . 5 Corrupted Parts 3 | . . . . . . . . . . 1 2 . . . . . . . . . System Corruption 14 | . . . . . . . . . . 5 9 . . . . . . . . . Parts Lost 100 | . 3 10 . 1 6 10 18 2 . 4 21 . . . . 1 7 1 1 15 Power 17 | . . 2 . . 2 1 3 . . 1 3 . . . . . 1 . 1 3 Propulsion 34 | . 1 4 . 1 2 3 5 . . 2 6 . . . . . 4 . . 6 Utility 31 | . . 1 . . 2 4 7 2 . 1 8 . . . . 1 1 1 . 3 Weapon 18 | . 2 3 . . . 2 3 . . . 4 . . . . . 1 . . 3 Highest Loss Streak 15 | . 2 5 . 1 3 2 13 1 . 2 6 . . . . 1 2 1 1 15 To Critical Strikes 3 | . . . . . . . . . . . 2 . . . . . . . 1 . Average Backups 13 | 4 9 13 14 14 14 14 12 10 11 11 13 15 15 15 15 14 14 15 15 14 Power 1 | 1 1 . 1 1 . . . . 1 1 1 3 2 2 2 2 2 2 2 1 Propulsion 1 | 1 1 . 2 1 1 2 2 . . . 1 2 2 1 1 1 2 2 2 1 Utility 5 | . 1 3 4 6 6 5 5 3 4 4 6 6 6 7 8 7 5 6 6 6 Weapon 4 | 1 4 7 6 6 6 4 3 6 6 6 4 4 4 4 4 4 5 5 5 4 Tool/Special . | . . . . . . . . . . . . . . . . . . . . . Unused Backups 47 | 1 6 1 1 2 10 4 1 . . . 10 2 1 1 5 . . . . 2 Power 10 | . 1 . . . 1 2 . . . . 4 1 1 . . . . . . . Propulsion 8 | 1 2 . . 1 2 . 1 . . . . . . 1 . . . . . . Utility 15 | . 1 . . . 2 2 . . . . 3 . . . 5 . . . . 2 Weapon 14 | . 2 1 1 1 5 . . . . . 3 1 . . . . . . . . Tool/Special . | . . . . . . . . . . . . . . . . . . . . . Average Slot Usage (%) 95 | . 98 93 100 100 98 98 86 76 84 79 96 100 100 100 99 99 98 100 99 98 Engine 5 | . 14 13 14 14 8 6 4 . . 1 5 6 2 . . . . . 5 4 Core 4 | . . . . . . . . 2 7 5 4 6 9 13 13 13 10 9 3 4 Leg 9 | . . . . . 16 7 4 7 7 7 13 6 6 6 6 1 10 17 17 21 Wheel 10 | . 27 18 28 28 9 14 9 2 7 4 4 13 13 13 13 13 8 . . . Device 9 | . 13 9 14 14 14 9 7 7 7 . 7 20 20 19 14 13 7 5 5 5 Storage 7 | . 14 14 14 14 9 7 9 14 7 7 6 6 6 6 6 6 5 5 5 5 Processor 13 | . . . . . 8 7 15 17 23 23 20 20 20 20 20 20 17 17 17 17 Hackware 4 | . . . . . . 6 3 . . . 5 . . . 4 . 10 11 11 15 Protection 9 | . . . . . 11 19 11 6 7 12 9 6 6 6 6 12 8 11 11 6 Energy Gun 7 | . 12 5 28 26 4 1 10 15 15 7 7 13 11 6 6 6 5 4 5 4 Energy Cannon 3 | . . . . 1 6 12 3 . . . . . 1 6 6 6 5 5 5 4 Ballistic Gun 2 | . 14 22 . . 7 . . . . . . . . . . . . . . . Peak Build Rating 111 | 7 8 10 11 12 34 44 44 39 38 42 63 62 63 62 67 66 84 89 89 111 Average Rating 46 | 5 7 7 10 11 27 40 35 32 38 35 55 61 61 61 64 62 75 85 87 102 On Entrance 42 | . 7 8 10 11 10 32 42 30 38 38 41 60 62 62 62 66 62 84 89 87 Naked Turns . | . . . . . . . . . . . . . . . . . . . . . Heaviest Build 65 | 15 30 29 26 28 45 54 58 39 38 53 65 64 64 60 62 65 65 58 62 63 Greatest Support 100 | 26 32 26 20 26 47 24 22 17 16 30 60 26 26 26 26 26 60 60 60 100 Greatest Overweight (x) 12 | 3 1 7 1 2 3 4 2 2 2 2 3 2 2 2 2 2 5 . 1 12 Average Overweight (x) 1 | . . 1 1 . . 2 1 1 2 1 1 2 1 2 2 2 . . . . Largest Inventory Capacity 15 | 8 15 15 15 15 15 15 15 15 15 15 15 15 15 15 15 15 15 15 15 15 Average Capacity 14 | 7 10 15 15 15 15 15 15 15 15 15 15 15 15 15 15 15 15 15 15 15 Most Carried 15 | 8 13 15 15 15 15 15 15 14 14 15 15 15 15 15 15 15 15 15 15 15 Average Carried 14 | 4 9 13 14 14 14 14 12 12 14 14 14 14 14 15 14 14 14 15 15 14 Final Capacity 15 | 8 15 15 15 15 15 15 15 15 15 15 15 15 15 15 15 15 15 15 15 15 Final Carried 15 | 8 13 14 15 15 15 13 12 14 14 15 15 15 15 15 15 15 15 15 15 7 Class Distribution -------------------- 58% | Scavenger-Mutant 28% | Mutant 11% | Hacker-Mutant Dominant Class ---------------- Mutant | -10/Materials Mutant | -10/Mines Scavenger-Mutant | -10/Exiles Scavenger-Mutant | -9/Mines Scavenger-Mutant | -8/Materials Mutant | -7/Factory Scavenger-Mutant | -7/Lower Caves Mutant | -7/Lower Caves Mutant | -7/Data Miner Scavenger-Mutant | -6/Proximity Caves Scavenger-Mutant | -6/Factory Mutant | -6/Waste Scavenger-Mutant | -6/Factory Scavenger-Mutant | -6/Lower Caves Scavenger-Mutant | -6/Zion Scavenger-Mutant | -5/Proximity Caves Scavenger-Mutant | -5/Factory Scavenger-Mutant | -5/Upper Caves Hacker-Mutant | -5/Upper Caves Hacker-Mutant | -5/Warlord Resources | -11 -10 -10 -10 -9 -8 -7 -7 -7 -7 -6 -6 -6 -6 -6 -6 -5 -5 -5 -5 -5 ----------- Run | Yrd Mat Min Exi Min Mat Fac Low Low Dat Pro Fac Was Fac Low Zio Pro Fac Upp Upp War Matter Collected 5075 | 306 357 432 . 40 584 257 271 115 . 374 1104 190 142 79 132 80 310 135 90 77 Remotely . | . . . . . . . . . . . . . . . . . . . . . Salvage Created 10902 | 229 713 503 . 117 1322 1310 997 236 . 633 2921 . 198 131 . 21 1305 137 65 64 Parts 455 | 14 40 24 . 9 63 68 33 12 . 20 96 . 7 4 . . 48 8 2 7 Haulers Intercepted 8 | . 2 . . . 5 . . . . . . . . . . . 1 . . . Recyclers Shooed 18 | . . 1 . . 2 2 . . . . 10 . 1 . . . 2 . . . Parts Field Recycled . | . . . . . . . . . . . . . . . . . . . . . Retrieved Matter . | . . . . . . . . . . . . . . . . . . . . . Parts Self-Destructed 85 | . . . . . . . 31 13 . 15 . . . 1 . 15 . 8 2 . Prevented 8 | . . . . . . . . . . 4 . . . 4 . . . . . . Kills | -11 -10 -10 -10 -9 -8 -7 -7 -7 -7 -6 -6 -6 -6 -6 -6 -5 -5 -5 -5 -5 ------- Run | Yrd Mat Min Exi Min Mat Fac Low Low Dat Pro Fac Was Fac Low Zio Pro Fac Upp Upp War Combat Hostiles Destroyed 152 | . 11 10 . 3 14 19 17 6 . 17 25 . 1 2 . 1 18 3 1 4 Melee 6 | . . . . . . . . . . . 6 . . . . . . . . . Guns 82 | . 11 10 . 3 11 2 8 5 . 3 12 . 1 . . . 11 2 . 3 Cannons 36 | . . . . . 2 17 8 . . . . . . 2 . . 5 1 1 . AOE 17 | . . . . . . . . . . 13 2 . . . . . 1 . . 1 Classes Destroyed 18 | 3 4 . . 2 4 2 1 1 . 1 . . . . . . . . . . Worker 24 | 1 . 3 . 1 5 5 . . . . 9 . . . . . . . . . Builder 4 | . . . . 1 . . . . . . 2 . . . . . 1 . . . Tunneler 5 | 5 . . . . . . . . . . . . . . . . . . . . Hauler 8 | . 2 . . . 5 . . . . . . . . . . . 1 . . . Recycler 27 | 1 2 2 . . 5 3 . . . . 11 . 1 . . . 2 . . . Minesweeper 1 | . . . . . . . . 1 . . . . . . . . . . . . Mechanic 5 | . . . . . . 1 . . . . 1 . . . . . 3 . . . Operator 5 | . . . . . 1 . . . . . 4 . . . . . . . . . Watcher 5 | . 3 . . . 1 . . . . . 1 . . . . . . . . . Swarmer 45 | . 3 6 . 2 4 3 2 4 . 3 6 . . . . 1 6 1 . 4 Saboteur 1 | . . . . . . . . . . 1 . . . . . . . . . . Grunt 46 | . 8 4 . . 5 2 8 2 . 10 4 . . 1 . . 2 . . . Brawler 3 | . . . . . 1 . . . . 2 . . . . . . . . . . Duelist 4 | . . . . 1 . . 2 . . 1 . . . . . . . . . . Sentry 14 | . . . . . 3 3 2 . . 1 2 . 1 1 . . 1 . . . Hunter 16 | . . . . . 1 5 . . . . 6 . . . . . 3 . 1 . Programmer 23 | . . . . . . 6 3 . . . 7 . . . . . 5 2 . . Samaritan 1 | . . . . . . . 1 . . . . . . . . . . . . . Thug 1 | . . . . . . . . . . . . . . . . . 1 . . . Best Kill Streak 7 | 3 6 3 . 2 4 3 5 3 . 5 5 . 1 2 . 1 7 2 1 3 Combat Bots Only 6 | . 5 3 . 2 3 3 5 2 . 5 3 . 1 2 . 1 6 2 1 3 Max Kills in Single Turn 3 | 1 1 1 . 1 1 1 2 2 . 3 2 . 1 1 . 1 3 1 1 1 Gunslinging 1 | . . . . . . . . 1 . . 1 . . . . . . . . . Exploded 3 | . . . . . . . . . . 3 1 . . . . . 1 . . 1 Melee 1 | . . . . . . . . . . . 1 . . . . . . . . . Uniques/NPCs Destroyed . | . . . . . . . . . . . . . . . . . . . . . Combat | -11 -10 -10 -10 -9 -8 -7 -7 -7 -7 -6 -6 -6 -6 -6 -6 -5 -5 -5 -5 -5 -------- Run | Yrd Mat Min Exi Min Mat Fac Low Low Dat Pro Fac Was Fac Low Zio Pro Fac Upp Upp War Hostile Shots Fired 1503 | . 48 92 . 17 77 286 134 18 . 63 353 . 1 . . 12 118 26 17 241 Missed 436 | . 10 21 . 3 16 96 35 9 . 21 110 . . . . 4 28 8 7 68 Hits 1067 | . 38 71 . 14 61 190 99 9 . 42 243 . 1 . . 8 90 18 10 173 Melee 18 | . . . . 1 3 . 14 . . . . . . . . . . . . . Projectile 1049 | . 38 71 . 13 58 190 85 9 . 42 243 . 1 . . 8 90 18 10 173 AOE 4 | . . . . . . 1 1 . . . 1 . . . . . 1 . . . Critical Strikes 41 | . 1 1 . 1 4 5 10 1 . 2 4 . . . . . 1 . 2 9 Actively Blocked 1 | . . . . . . . 1 . . . . . . . . . . . . . Part Disruptions 4 | . . . . . . . 1 . . . . . . . . . . . . 3 Damage Taken 16653 | . 506 786 . 148 957 2171 2106 121 . 791 3176 . 32 16 . 150 1703 334 183 3473 Core 2423 | . 50 175 . 3 131 255 271 18 . 123 349 . 14 . . 30 167 23 26 788 Absorbed by Shields 8 | . . . . . . . . . . . 8 . . . . . . . . . Redirected to Shielding 216 | . . . . . 53 29 73 . . . 52 . . . . . . . 9 . Regen/Repaired (Parts) 1268 | . . . . . 166 59 . . . . 292 67 11 . 325 . 92 . . 256 Core Remaining (%) 48 | 100 . . . 8 76 . . . . 4 . . . . . 53 . . . . Volleys Fired 696 | 12 56 78 . 17 95 100 56 14 . 31 116 . 15 3 1 7 74 10 3 8 Largest 2 | 2 2 2 . 2 2 2 2 2 . 2 2 . 2 2 2 2 2 2 2 2 Hottest 171 | 60 60 80 . 100 135 135 135 105 . 128 170 . 160 150 165 165 165 171 171 165 Shots Fired 1335 | 24 106 155 . 34 187 199 110 30 . 46 205 . 29 5 2 14 147 20 5 17 Gun 924 | 24 106 155 . 33 113 32 74 30 . 28 201 . 23 2 1 7 74 10 3 8 Cannon 390 | . . . . 1 74 167 36 . . . 1 . 6 3 1 7 73 10 2 9 Launcher 21 | . . . . . . . . . . 18 3 . . . . . . . . . Special . | . . . . . . . . . . . . . . . . . . . . . Kinetic 248 | 12 56 113 . . 66 . . . . . 1 . . . . . . . . . Thermal 1036 | . 47 42 . 34 121 199 110 30 . 28 201 . 23 2 2 14 147 20 5 11 Explosive 20 | . . . . . . . . . . 17 3 . . . . . . . . . Electromagnetic 25 | 12 3 . . . . . . . . 1 . . 6 3 . . . . . . Entropic 6 | . . . . . . . . . . . . . . . . . . . . 6 Robot Hit Streak 25 | 5 8 10 . 5 25 13 20 22 . 7 15 . 3 3 . 4 18 19 11 15 Robot Miss Streak 5 | 3 4 5 . 2 5 5 3 2 . 2 4 . 3 1 . 3 3 1 . 3 Penetration Max . | . . . . . . . . . . . . . . . . . . . . . Secondary Targets 12 | . 2 1 . 1 2 . . 1 . . 4 . 1 . . . . . . . Max Gunslinging Chain 1 | . 1 1 . 1 1 . . 1 . . 1 . 1 . . . . . . . Shots Hit Robots 862 | 15 63 85 . 15 121 116 80 19 . 23 180 . 5 4 . 8 103 9 5 11 Core Hits 397 | 8 31 30 . 6 40 41 35 10 . 40 92 . 4 3 . 2 44 5 2 4 Critical Kills 2 | . . 1 . . . . . . . . . . . . . 1 . . . . Critical Parts Destroyed 2 | . . . . . . . . . . . 2 . . . . . . . . . Critical Strikes 62 | . . 1 . . 1 1 4 3 . 3 41 . 1 . . 1 5 . . 1 Burn 54 | . . . . . 1 1 4 3 . 3 36 . 1 . . . 5 . . . Meltdown 1 | . . . . . . . . . . . . . . . . 1 . . . . Destroy 1 | . . 1 . . . . . . . . . . . . . . . . . . Smash 2 | . . . . . . . . . . . 2 . . . . . . . . . Sever 3 | . . . . . . . . . . . 3 . . . . . . . . . Sunder 1 | . . . . . . . . . . . . . . . . . . . . 1 Melee Attacks 89 | . 2 . . . 10 . . . . . 69 . . . . . . 5 . 3 Impact 16 | . 2 . . . . . . . . . 14 . . . . . . . . . Slashing 70 | . . . . . 10 . . . . . 55 . . . . . . 5 . . Piercing . | . . . . . . . . . . . . . . . . . . . . . Entropic 3 | . . . . . . . . . . . . . . . . . . . . 3 Sneak Attacks 15 | . . . . . . . . . . . 15 . . . . . . . . . Combat Hostiles . | . . . . . . . . . . . . . . . . . . . . . Follow-up Attacks 9 | . . . . . . . . . . . 9 . . . . . . . . . Damage Inflicted 21770 | 282 748 869 . 172 2257 2739 1830 354 . 2076 5300 . 151 126 . 324 3489 281 128 644 Guns 10206 | 177 748 869 . 172 1391 502 1157 354 . 264 2557 . 113 26 . 97 1275 115 73 316 Cannons 5971 | . . . . . 855 2226 673 . . . . . 38 100 . 227 1474 166 55 157 Explosions 3077 | 105 . . . . . . . . . 1812 420 . . . . . 740 . . . Melee 2480 | . . . . . . . . . . . 2309 . . . . . . . . 171 Ramming 36 | . . . . . 11 11 . . . . 14 . . . . . . . . . Kinetic 1955 | 99 444 557 . . 855 . . . . . . . . . . . . . . . Thermal 13781 | 105 264 312 . 172 1391 2728 1830 354 . 264 2557 . 113 26 . 324 2749 281 128 183 Explosive 2581 | . . . . . . . . . . 1687 154 . . . . . 740 . . . Electromagnetic 647 | 78 40 . . . . . . . . 125 266 . 38 100 . . . . . . Impact 567 | . . . . . . . . . . . 567 . . . . . . . . . Slashing 1742 | . . . . . . . . . . . 1742 . . . . . . . . . Piercing . | . . . . . . . . . . . . . . . . . . . . . Entropic 461 | . . . . . . . . . . . . . . . . . . . . 461 Highest Corruption 17 | . . . . . 2 3 9 9 9 14 17 17 17 17 17 . 8 11 11 11 Average Corruption 8 | . . . . . 2 2 8 9 9 9 9 17 17 17 17 . 6 8 11 9 Corruption Purged 9 | . . . . . . . . . . . . . . . . . . . . 9 Corruption Blocked . | . . . . . . . . . . . . . . . . . . . . . Effects 463 | . . . . . 2 27 58 32 2 27 131 20 23 15 4 . 46 31 17 28 Message Errors 110 | . . . . . . 9 12 5 1 4 37 3 6 1 1 . 6 9 5 11 Matter Fused 133 | . . . . . . 7 16 10 . 9 32 9 8 7 2 . 14 9 6 4 Heat Flow Errors 58 | . . . . . 1 4 4 3 . 2 20 3 2 2 . . 7 3 3 4 Energy Discharges 49 | . . . . . 1 2 6 2 1 4 14 1 2 2 1 . 7 3 . 3 Parts Rejected 3 | . . . . . . 1 . . . . 2 . . . . . . . . . Parts Fused 5 | . . . . . . . 2 . . 1 1 . 1 . . . . . . . Data Loss (minor) 54 | . . . . . . 2 8 8 . 5 13 4 . 2 . . 5 4 1 2 Data Loss (major) 15 | . . . . . . . 2 1 . 1 4 . 1 . . . 2 1 1 2 Misfires 15 | . . . . . . 1 4 3 . 1 2 . 1 . . . 1 1 . 1 Alerts 7 | . . . . . . 1 . . . . 2 . 1 . . . 2 . . 1 Misdirections 3 | . . . . . . . . . . . 3 . . . . . . . . . Weapon Failures 11 | . . . . . . . 4 . . . 1 . 1 1 . . 2 1 1 . Overload Shots . | . . . . . . . . . . . . . . . . . . . . . Overflow Damage 785 | 15 . . . . 21 71 36 . . 1 486 . . . . 13 132 . . 10 Projectiles 257 | . . . . . 21 71 36 . . . . . . . . 13 106 . . 10 Explosions 53 | 15 . . . . . . . . . 1 11 . . . . . 26 . . . Melee 475 | . . . . . . . . . . . 475 . . . . . . . . . Knockbacks 5 | . . . . . . . . . . . 5 . . . . . . . . . Impact 4 | . . . . . . . . . . . 4 . . . . . . . . . Kinetic . | . . . . . . . . . . . . . . . . . . . . . Secondary 1 | . . . . . . . . . . . 1 . . . . . . . . . Self-Inflicted Damage 138 | . . . . . . 5 . . . 83 50 . . . . . . . . . Shots 5 | . . . . . . . . . . 3 2 . . . . . . . . . Rammed 3 | . . . . . . 2 . . . . 1 . . . . . . . . . Targets Rammed 5 | . . . . . 1 2 . . . . 2 . . . . . . . . . Kicked 2 | . . . . . 1 . . . . . 1 . . . . . . . . . Crushed . | . . . . . . . . . . . . . . . . . . . . . Highest Temperature 592 | . 52 15 . 9 244 349 220 192 . 422 592 228 75 211 39 162 313 316 134 330 Average Temperature 99 | . 18 6 . 6 47 48 65 62 . 124 164 108 46 101 26 65 74 84 53 106 Received Heat Transfer 2541 | . 288 339 . 27 414 360 297 30 . 327 291 . . . . . 93 18 . 57 Effects 25 | . . . . . . 1 . . . 3 21 . . . . . . . . . Shutdowns 12 | . . . . . . . . . . 1 11 . . . . . . . . . Energy Bleed 3 | . . . . . . 1 . . . 1 1 . . . . . . . . . Interference 6 | . . . . . . . . . . . 6 . . . . . . . . . Matter Decay 2 | . . . . . . . . . . . 2 . . . . . . . . . Short Circuit 1 | . . . . . . . . . . . 1 . . . . . . . . . Damage (minor) 1 | . . . . . . . . . . 1 . . . . . . . . . . Siege Activations . | . . . . . . . . . . . . . . . . . . . . . Martial Activations . | . . . . . . . . . . . . . . . . . . . . . Shielding Activations . | . . . . . . . . . . . . . . . . . . . . . Robots Disrupted 1 | . . . . . . . . . . . 1 . . . . . . . . . Combat Hostiles 1 | . . . . . . . . . . . 1 . . . . . . . . . Robots Corrupted 4 | . . . . . . . . . . . 4 . . . . . . . . . Combat Hostiles 1 | . . . . . . . . . . . 1 . . . . . . . . . Parts Fried 7 | . . . . . . . 1 . . . 5 . 1 . . . . . . . Impact Corruptions 9 | . . . . . . . . . . . 9 . . . . . . . . . Robots Melted 13 | . . . . . 1 . 1 1 . 1 7 . . . . 1 1 . . . Combat Hostiles 10 | . . . . . 1 . 1 1 . 1 4 . . . . 1 1 . . . Parts Melted 83 | . 1 2 . . 9 2 12 1 . . 36 . . . . . 16 1 3 . Heat Transferred 30772 | 150 675 700 . 375 2888 4366 3293 1146 . 1050 10275 . 298 37 . 448 4331 333 185 222 Parts Sabotaged . | . . . . . . . . . . . . . . . . . . . . . Parts Stolen . | . . . . . . . . . . . . . . . . . . . . . Parts Stripped . | . . . . . . . . . . . . . . . . . . . . . Power Chain Reactions 2 | 1 . . . . . . . . . 1 . . . . . . . . . . Alert | -11 -10 -10 -10 -9 -8 -7 -7 -7 -7 -6 -6 -6 -6 -6 -6 -5 -5 -5 -5 -5 ------- Run | Yrd Mat Min Exi Min Mat Fac Low Low Dat Pro Fac Was Fac Low Zio Pro Fac Upp Upp War Maximum Alert Level 3 | . . . . . . . . . . . 3 1 3 . . . 2 . . . Low Security (%) 76 | 100 100 100 . 100 100 100 . . . . 63 54 67 . . . 2 . . . Level 1 10 | . . . . . . . . . . . 2 45 12 . . . 75 . . . Level 2 9 | . . . . . . . . . . . 21 . 18 . . . 22 . . . Level 3 3 | . . . . . . . . . . . 12 . 1 . . . . . . . Level 4 . | . . . . . . . . . . . . . . . . . . . . . Level 5 . | . . . . . . . . . . . . . . . . . . . . . High Security . | . . . . . . . . . . . . . . . . . . . . . Max Security . | . . . . . . . . . . . . . . . . . . . . . Peak Influence 801 | 10 142 62 . 115 92 172 . . . . 801 280 701 . . . 625 . . . Initial 473 | . . . . . . 39 . . . . 157 280 63 . . . 473 . . . Average 137 | 2 19 12 . 24 24 49 . . . . 233 185 191 . . . 371 . . . Influence Increases 7893 | 35 340 265 . 193 568 615 432 214 . 619 1450 . 991 120 . 360 1337 160 30 164 Destroy 0b10 Robot/C 4040 | . 220 200 . 120 280 380 360 180 . 460 600 . 400 60 . 140 440 60 20 120 Destroy 0b10 Robot/NC 445 | 35 35 25 . 15 85 45 5 5 . . 145 . 5 . . 10 35 . . . Destroy Leader 818 | . 40 40 . 20 92 140 20 10 . 50 194 . 70 . . 30 92 10 10 . Allied During Kill 1049 | . . . . 8 . . 2 19 . 109 13 . 475 60 . 180 169 . . 14 Trap Triggered on 0b10 20 | . . . . . . . . . . . 20 . . . . . . . . . Successful Hack 144 | . 27 . . . 10 2 . . . . 76 . . . . . 29 . . . Disable Machine 405 | . . . . . 60 . . . . . 240 . 30 . . . 75 . . . Destroy Structure 87 | . 3 . . . 11 3 . . . . 27 . 11 . . . 32 . . . Advance Influence 450 | . . . . . . . . . . . . . . . . . 450 . . . Partial Spotted 15 | . . . . . . . . . . . 15 . . . . . . . . . Lose Combat Pursuer 420 | . 15 . . 30 30 45 45 . . . 120 . . . . . 15 90 . 30 Influence Decreases 7893 | 35 340 247 18 193 480 540 595 203 11 368 900 711 404 382 415 322 1040 495 30 164 Entered New Map 1588 | . . . 18 . . 49 61 . 11 . 94 521 27 252 415 . 15 125 . . Time Decay 4799 | 35 207 187 . 193 430 401 382 163 . 348 570 190 254 130 . 312 595 360 30 12 Search Patrol Dispatched 150 | . . . . . . . . . . . . . . . . . 150 . . . Lost Part 741 | . 9 60 . . 50 90 152 20 . 20 167 . . . . 10 70 10 . 83 Lost Ally 491 | . . . . . . . . 20 . . 69 . 123 . . . 210 . . 69 Purge Threat 124 | . 124 . . . . . . . . . . . . . . . . . . . Squads Dispatched 36 | . 1 . . . 2 9 . . . 1 16 . 4 . . . 3 . . . Investigation 5 | . 1 . . . . 3 . . . . . . 1 . . . . . . . Extermination 20 | . . . . . . 5 . . . . 12 . . . . . 3 . . . Reinforcement 6 | . . . . . 2 . . . . . 3 . 1 . . . . . . . Assault 2 | . . . . . . . . . . 1 1 . . . . . . . . . Garrison 3 | . . . . . . 1 . . . . . . 2 . . . . . . . Intercept . | . . . . . . . . . . . . . . . . . . . . . Searches Triggered 1 | . . . . . . . . . . . . . . . . . 1 . . . Data Miner Redirects 1 | . . . . . . . . . . . 1 . . . . . . . . . Construction Impeded . | . . . . . . . . . . . . . . . . . . . . . Haulers Reinforced . | . . . . . . . . . . . . . . . . . . . . . Active Scanning Responses . | . . . . . . . . . . . . . . . . . . . . . Cargo Convoy Interrupts . | . . . . . . . . . . . . . . . . . . . . . Stealth | -11 -10 -10 -10 -9 -8 -7 -7 -7 -7 -6 -6 -6 -6 -6 -6 -5 -5 -5 -5 -5 --------- Run | Yrd Mat Min Exi Min Mat Fac Low Low Dat Pro Fac Was Fac Low Zio Pro Fac Upp Upp War Distress Signals 13 | . 2 . . . 3 4 . . . . 4 . . . . . . . . . Communications Jammed . | . . . . . . . . . . . . . . . . . . . . . Distress Signals . | . . . . . . . . . . . . . . . . . . . . . Times Spotted 284 | . 18 10 . 9 29 36 22 7 . 20 43 . 13 3 . 7 26 9 1 31 Peak Tracking Total 22 | . 4 3 . 4 4 4 9 3 . 5 7 . 5 3 . 4 7 7 1 22 Tactical Retreats 16 | . 1 . . 2 2 2 2 . . . 4 . . . . . 1 1 . 1 Traps | -11 -10 -10 -10 -9 -8 -7 -7 -7 -7 -6 -6 -6 -6 -6 -6 -5 -5 -5 -5 -5 ------- Run | Yrd Mat Min Exi Min Mat Fac Low Low Dat Pro Fac Was Fac Low Zio Pro Fac Upp Upp War Traps Triggered 13 | . 1 . . . 2 3 . . . . 6 . . . . . . . . 1 Indirectly . | . . . . . . . . . . . . . . . . . . . . . Trap Hack Attempts . | . . . . . . . . . . . . . . . . . . . . . Triggered . | . . . . . . . . . . . . . . . . . . . . . Disarmed . | . . . . . . . . . . . . . . . . . . . . . Reprogrammed . | . . . . . . . . . . . . . . . . . . . . . Reused 2 | . . . . . . . . . . . 2 . . . . . . . . . Traps Extracted . | . . . . . . . . . . . . . . . . . . . . . Installed 2 | . . . . . . . . . . . 2 . . . . . . . . . Triggered 2 | . . . . . . . . . . . 2 . . . . . . . . . Most Traps Carried 2 | . . . . . . . . 2 2 2 2 . . . . . . . . . Machines | -11 -10 -10 -10 -9 -8 -7 -7 -7 -7 -6 -6 -6 -6 -6 -6 -5 -5 -5 -5 -5 ---------- Run | Yrd Mat Min Exi Min Mat Fac Low Low Dat Pro Fac Was Fac Low Zio Pro Fac Upp Upp War Machines Disabled 29 | . . . . . 4 . . . . 1 16 . 2 . . . 5 . . 1 Max in Single Turn 7 | . . . . . 1 . . . . 1 7 . 1 . . . 3 . . 1 Garrison Access 2 | . . . . . . 1 . . . . . . . . . . 1 . . . Machines Repaired . | . . . . . . . . . . . . . . . . . . . . . Machines Dismantled . | . . . . . . . . . . . . . . . . . . . . . Machines Sabotaged . | . . . . . . . . . . . . . . . . . . . . . Overloaded Fab Kills . | . . . . . . . . . . . . . . . . . . . . . Hacking | -11 -10 -10 -10 -9 -8 -7 -7 -7 -7 -6 -6 -6 -6 -6 -6 -5 -5 -5 -5 -5 --------- Run | Yrd Mat Min Exi Min Mat Fac Low Low Dat Pro Fac Was Fac Low Zio Pro Fac Upp Upp War Machines Accessed 67 | . 9 . 2 . 8 10 3 . 4 . 18 . 1 . . . 8 1 . 3 Terminals 24 | . 7 . . . 5 3 . . . . 6 . . . . . 3 . . . Fabricators 6 | . . . . . . 2 . . . . 3 . . . . . 1 . . . Repair Stations 6 | . . . . . 1 1 . . . . 4 . . . . . . . . . Recycling Units 12 | . 2 . . . 2 2 . . . . 4 . . . . . 2 . . . Scanalyzers 1 | . . . . . . . . . . . 1 . . . . . . . . . Garrison Access 5 | . . . . . . 2 . . . . . . 1 . . . 2 . . . Total Hacks 203 | . 26 . 3 . 29 21 8 . 28 . 54 . 3 . . . 26 1 . 4 Successful 124 | . 14 . 3 . 12 12 8 . 28 . 30 . . . . . 12 1 . 4 Failed 79 | . 12 . . . 17 9 . . . . 24 . 3 . . . 14 . . . Catastrophic 10 | . 2 . . . 3 2 . . . . 2 . . . . . 1 . . . Database Lockouts . | . . . . . . . . . . . . . . . . . . . . . Manual 80 | . 14 . 1 . 19 9 . . . . 19 . . . 1 . 16 . . 1 Terminals 65 | . 21 . . . 16 4 . . . . 12 . . . . . 12 . . . Fabricators 18 | . . . . . . 6 . . . . 8 . . . . . 4 . . . Repair Stations 25 | . . . . . 5 2 . . . . 18 . . . . . . . . . Recycling Units 37 | . 5 . . . 8 5 . . . . 13 . . . . . 6 . . . Scanalyzers 3 | . . . . . . . . . . . 3 . . . . . . . . . Garrison Access 11 | . . . . . . 4 . . . . . . 3 . . . 4 . . . Terminal Hacks 55 | . 7 . 3 . 2 1 8 . 28 . 1 . . . . . . 1 . 4 Record 21 | . . . 2 . . . 6 . 11 . . . . . . . . . . 2 Part Schematic 10 | . . . . . . . . . 10 . . . . . . . . . . . Robot Schematic 4 | . . . . . . . . . 4 . . . . . . . . . . . Robot Analysis 5 | . 2 . . . 2 . . . . . 1 . . . . . . . . . Prototype ID Bank 4 | . 1 . . . . . . . 3 . . . . . . . . . . . Open Door 5 | . . . . . . . 2 . . . . . . . . . . 1 . 2 Open DSF 1 | . . . . . . 1 . . . . . . . . . . . . . . Terminal Index 1 | . 1 . . . . . . . . . . . . . . . . . . . Alert Level 1 | . 1 . . . . . . . . . . . . . . . . . . . Unreport Threat 1 | . 1 . . . . . . . . . . . . . . . . . . . Locate Traps 1 | . 1 . . . . . . . . . . . . . . . . . . . Proto ID Catalog 1 | . . . 1 . . . . . . . . . . . . . . . . . Fabricator Hacks 5 | . . . . . . 2 . . . . 2 . . . . . 1 . . . Network Status 5 | . . . . . . 2 . . . . 2 . . . . . 1 . . . Repair Station Hacks 16 | . . . . . 3 2 . . . . 11 . . . . . . . . . Scan Component 10 | . . . . . 2 1 . . . . 7 . . . . . . . . . Repair 6 | . . . . . 1 1 . . . . 4 . . . . . . . . . Recycling Unit Hacks 15 | . 2 . . . 2 2 . . . . 5 . . . . . 4 . . . Report Inventory 12 | . 2 . . . 2 2 . . . . 4 . . . . . 2 . . . Retrieve Components 3 | . . . . . . . . . . . 1 . . . . . 2 . . . Scanalyzer 1 | . . . . . . . . . . . 1 . . . . . . . . . Insert Component 1 | . . . . . . . . . . . 1 . . . . . . . . . Garrison Access Hacks 2 | . . . . . . 1 . . . . . . . . . . 1 . . . Seal Access 2 | . . . . . . 1 . . . . . . . . . . 1 . . . Unauthorized Hacks 30 | . 5 . . . 5 4 . . . . 10 . . . . . 6 . . . Terminals 13 | . 3 . . . 3 . . . . . 4 . . . . . 3 . . . Assimilate 1 | . . . . . . . . . . . 1 . . . . . . . . . Botnet 7 | . 2 . . . 2 . . . . . 2 . . . . . 1 . . . Operators 5 | . 1 . . . 1 . . . . . 1 . . . . . 2 . . . Fabricators 5 | . . . . . . 2 . . . . 2 . . . . . 1 . . . Liberate 5 | . . . . . . 2 . . . . 2 . . . . . 1 . . . Repair Stations . | . . . . . . . . . . . . . . . . . . . . . Recycling Units 12 | . 2 . . . 2 2 . . . . 4 . . . . . 2 . . . Reject 12 | . 2 . . . 2 2 . . . . 4 . . . . . 2 . . . Scanalyzers . | . . . . . . . . . . . . . . . . . . . . . Garrison Access . | . . . . . . . . . . . . . . . . . . . . . Data Cores Recovered . | . . . . . . . . . . . . . . . . . . . . . Used . | . . . . . . . . . . . . . . . . . . . . . Hacking Detections 44 | . 9 . . . 8 7 . . . . 14 . 1 . . . 5 . . . Full Trace Events 3 | . 1 . . . . 1 . . . . . . 1 . . . . . . . Feedback Events . | . . . . . . . . . . . . . . . . . . . . . Feedback Blocked . | . . . . . . . . . . . . . . . . . . . . . Robot Schematics Acquired 7 | . . . . . . . . . 4 . . . . . 3 . . . . . Robots Built . | . . . . . . . . . . . . . . . . . . . . . Authchips . | . . . . . . . . . . . . . . . . . . . . . Time . | . . . . . . . . . . . . . . . . . . . . . Total Robot Build Rating . | . . . . . . . . . . . . . . . . . . . . . Part Schematics Acquired 25 | . . . . . . . . . 10 . . . . . 15 . . . . . Parts Built . | . . . . . . . . . . . . . . . . . . . . . Authchips . | . . . . . . . . . . . . . . . . . . . . . Time . | . . . . . . . . . . . . . . . . . . . . . Total Part Build Rating . | . . . . . . . . . . . . . . . . . . . . . Parts Repaired 6 | . . . . . 1 1 . . . . 4 . . . . . . . . . Time 272 | . . . . . 38 32 . . . . 202 . . . . . . . . . Parts Recycled . | . . . . . . . . . . . . . . . . . . . . . Recycled Matter . | . . . . . . . . . . . . . . . . . . . . . Retrieved Matter . | . . . . . . . . . . . . . . . . . . . . . Retrieved Components 4 | . . . . . . . . . . . 2 . . . . . 2 . . . Parts Scanalyzed . | . . . . . . . . . . . . . . . . . . . . . Part Schematics Acquired . | . . . . . . . . . . . . . . . . . . . . . Parts Damaged . | . . . . . . . . . . . . . . . . . . . . . Bothacking | -11 -10 -10 -10 -9 -8 -7 -7 -7 -7 -6 -6 -6 -6 -6 -6 -5 -5 -5 -5 -5 ------------ Run | Yrd Mat Min Exi Min Mat Fac Low Low Dat Pro Fac Was Fac Low Zio Pro Fac Upp Upp War Used RIF Installer . | . . . . . . . . . . . . . . . . . . . . . Robots Hacked . | . . . . . . . . . . . . . . . . . . . . . Non-combat . | . . . . . . . . . . . . . . . . . . . . . Combat . | . . . . . . . . . . . . . . . . . . . . . Robot Hacks Applied . | . . . . . . . . . . . . . . . . . . . . . Relay Couplers Released 3 | . . . . . . . . . . . 3 . . . . . . . . . Programmers 3 | . . . . . . . . . . . 3 . . . . . . . . . Fabnet Peak Effective % . | . . . . . . . . . . . . . . . . . . . . . Robots Rewired 8 | . . . . . . . 2 . . 1 . . . . . . . . . 5 Allies Hacked 2 | . . . . . . . . . . . . . . . . . 2 . . . Hacks Repelled . | . . . . . . . . . . . . . . . . . . . . . Allies | -11 -10 -10 -10 -9 -8 -7 -7 -7 -7 -6 -6 -6 -6 -6 -6 -5 -5 -5 -5 -5 -------- Run | Yrd Mat Min Exi Min Mat Fac Low Low Dat Pro Fac Was Fac Low Zio Pro Fac Upp Upp War Total Allies 37 | . . . . 3 . . 2 . . 2 5 20 . . . . . . . 5 Largest Group 20 | . . . . 2 1 . 2 2 1 2 3 20 20 10 10 10 10 . . 5 Highest-Rated Group 750 | . . . . 62 31 . 32 32 16 116 96 750 750 430 430 427 427 . . 233 Highest-Rated Ally 96 | . . . . 31 31 . 16 16 16 96 96 50 50 46 46 46 46 . . 64 Total Orders 4 | . . . . . . . . . . . . . . . . . 4 . . . EXPLORE 2 | . . . . . . . . . . . . . . . . . 2 . . . RETURN 2 | . . . . . . . . . . . . . . . . . 2 . . . Ally Attacks 305 | . . . . 13 3 . 14 19 . 48 19 . 111 4 . 35 34 . . 5 Total Damage 6830 | . . . . 166 42 . 116 189 . 1418 612 . 2389 99 . 757 910 . . 132 Kills 54 | . . . . 4 . . 1 3 . 6 6 . 19 1 . 8 4 . . 2 Allies Corrupted 3 | . . . . . . . . . . . . . . . . . 2 . . 1 Allies Melted 3 | . . . . . . . . . . . 1 . 1 . . . . . . 1 Intel | -11 -10 -10 -10 -9 -8 -7 -7 -7 -7 -6 -6 -6 -6 -6 -6 -5 -5 -5 -5 -5 ------- Run | Yrd Mat Min Exi Min Mat Fac Low Low Dat Pro Fac Was Fac Low Zio Pro Fac Upp Upp War Active Infowar (turns) 3961 | 82 131 . . . 2811 418 . . . 24 495 . . . . . . . . . Optics 3693 | . . . . . 2811 363 . . . 24 495 . . . . . . . . . Seismic 213 | 82 131 . . . . . . . . . . . . . . . . . . . Cloaking 86 | . . . . . . 86 . . . . . . . . . . . . . . Robot Analysis Total 5 | . 2 . . . 2 . . . . . 1 . . . . . . . . . Derelict Logs Recovered 14 | . . 1 . 2 . . 1 1 . 1 . . . 1 2 2 . 3 . . Drone Launches 6 | . . . . . . . . . . . . . . . . . 6 . . . Drone Recoveries 2 | . . . . . . . . . . . . . . . . . 2 . . . Exploration | -11 -10 -10 -10 -9 -8 -7 -7 -7 -7 -6 -6 -6 -6 -6 -6 -5 -5 -5 -5 -5 ------------- Run | Yrd Mat Min Exi Min Mat Fac Low Low Dat Pro Fac Was Fac Low Zio Pro Fac Upp Upp War Turns Passed 26386 | 164 941 1467 396 789 2873 3258 1474 1011 107 847 5512 395 542 274 1301 778 1898 942 510 907 Spaces Moved 16968 | 114 755 915 415 676 1412 2119 864 574 83 472 3162 299 360 187 1004 585 1170 733 382 687 Core 20 | 18 . 1 . . . . . . . . . . . . . . . . . 1 Treads 3 | . . . . . . . . . . . . . . . . . 3 . . . Legs 5287 | . . . . . 565 . 271 303 . 119 1645 . . . . . 583 733 382 686 Wheels 11517 | 96 755 773 415 676 847 2119 593 271 83 353 1517 299 360 187 1004 585 584 . . . Hover . | . . . . . . . . . . . . . . . . . . . . . Flight 141 | . . 141 . . . . . . . . . . . . . . . . . . Fastest Speed 50 | 50 90 95 95 90 105 105 100 130 130 130 105 120 105 120 120 120 101 120 120 100 Average Speed 124 | 94 94 130 95 94 115 120 141 166 130 155 139 120 119 120 120 120 112 120 130 113 Slowest Speed 650 | 200 105 520 95 110 210 150 200 200 130 260 270 120 120 120 120 120 260 120 190 650 Overloaded Moves . | . . . . . . . . . . . . . . . . . . . . . Propulsion Burnouts . | . . . . . . . . . . . . . . . . . . . . . Robots Hopped . | . . . . . . . . . . . . . . . . . . . . . Potential Cave-ins . | . . . . . . . . . . . . . . . . . . . . . Cave-ins Triggered . | . . . . . . . . . . . . . . . . . . . . . Exploration Rate (%) 63 | 6 97 97 89 95 58 29 80 87 69 58 51 95 7 23 86 82 20 74 53 78 Regions Visited 20 Branch Regions 13 Pre-discovered Areas 6 | . . . . 1 . . 1 . 1 . . . . . 1 1 . 1 . . Known Exits Taken 12 | . . . . . . 1 1 1 1 1 . . 1 1 1 1 1 1 1 . Unknown Exits Taken 6 | 1 1 1 1 1 1 . . . . . . . . . . . . . . . Scrap Searched 27 | . . 1 . 2 . . 4 2 . 2 . . . 5 3 4 . 2 2 . Spaces Dug 29 | . 2 . . . 10 . . . . 9 8 . . . . . . . . . Terrain Destroyed 214 | 3 2 . . . 11 . 2 . . 157 22 . . . . 1 14 1 . 1 Melee 20 | . 2 . . . 10 . . . . . 8 . . . . . . . . . Projectile 14 | . . . . . 1 . 2 . . . 1 . . . . 1 7 1 . 1 AOE 180 | 3 . . . . . . . . . 157 13 . . . . . 7 . . . Terrain Rammed . | . . . . . . . . . . . . . . . . . . . . . Walls Destroyed . | . . . . . . . . . . . . . . . . . . . . . Machines Disabled . | . . . . . . . . . . . . . . . . . . . . . Actions | -11 -10 -10 -10 -9 -8 -7 -7 -7 -7 -6 -6 -6 -6 -6 -6 -5 -5 -5 -5 -5 --------- Run | Yrd Mat Min Exi Min Mat Fac Low Low Dat Pro Fac Was Fac Low Zio Pro Fac Upp Upp War Total 20910 | 142 888 1044 417 795 2477 2639 1004 599 82 536 3970 338 442 231 1104 647 1601 765 390 799 Wait 2493 | . 32 28 . 85 877 370 29 4 . 11 478 22 52 32 62 48 308 4 3 48 Move 16949 | 113 754 914 414 675 1411 2118 863 573 82 471 3162 298 359 186 1003 584 1169 732 381 687 Hop . | . . . . . . . . . . . . . . . . . . . . . Pick Up 142 | 9 16 8 2 6 17 12 12 4 . 3 35 4 1 1 6 . 3 . . 3 Fast Attach 154 | 7 2 5 . 2 20 6 4 2 . 4 46 2 5 4 14 3 14 6 2 6 Attach 75 | . 4 6 . 1 5 15 12 2 . 1 13 . . . . 1 6 . . 9 Detach 35 | . 1 1 . . 1 5 . . . 1 6 . . 2 9 2 5 . . 2 Swap 49 | . 7 2 . 1 9 3 2 . . 4 8 . 2 . . . 6 3 . 2 Drop 168 | 1 14 2 1 8 31 8 3 . . 2 42 6 8 3 9 1 14 5 1 9 Fire 696 | 12 56 78 . 17 95 100 56 14 . 31 116 . 15 3 1 7 74 10 3 8 Melee 75 | . 2 . . . 10 . . . . . 55 . . . . . . 5 . 3 Ram 3 | . . . . . . 2 . . . . 1 . . . . . . . . . Kick 2 | . . . . . 1 . . . . . 1 . . . . . . . . . Crush . | . . . . . . . . . . . . . . . . . . . . . Escape Stasis 5 | . . . . . . . . . . . 5 . . . . . . . . . Rewire 60 | . . . . . . . 23 . . 8 . 6 . . . 1 . . . 22 Trap 2 | . . . . . . . . . . . 2 . . . . . . . . . Miscellaneous 2 | . . . . . . . . . . . . . . . . . 2 . . . Route ------- -11/Scrapyard -10/Materials (discovered 5 exits: *Mat x3 / [*Min x2]) -10/Mines (discovered 3 exits: *Mat x2 / *Exi) -10/Exiles -9/Mines (discovered 2 exits: *Mat x2) -8/Materials -7/Factory (discovered 2 exits: *Fac / *Low) -7/Lower Caves -7/Lower Caves (discovered 2 exits: *Fac / *Dat) -7/Data Miner -6/Proximity Caves -6/Factory (discovered 2 exits: *Fac / *Low) -6/Waste -6/Factory (discovered 2 exits: *Fac / *Low) -6/Lower Caves -6/Zion -5/Proximity Caves -5/Factory (discovered 3 exits: *Fac / *Upp x2) -5/Upper Caves -5/Upper Caves (discovered 2 exits: *Fac / *War) -5/Warlord History --------- Turn | Location | Event 16 | -11/Scrapyard | Discovered new exit (range 16) 165 | -11/Scrapyard | Entered Materials 166 | -10/Materials | Met a group of wandering Federalists 310 | -10/Materials | Discovered new exit (range 5) 317 | -10/Materials | Build established: Mutant 669 | -10/Materials | Discovered new exit (range 15) 677 | -10/Materials | Discovered new exit (range 12) 723 | -10/Materials | Discovered new exit (range 9) 850 | -10/Materials | Discovered new exit (range 13) 1106 | -10/Materials | Entered Mines 1159 | -10/Mines | Assembled infested the area 1598 | -10/Mines | Identified exit to Materials 1726 | -10/Mines | Received a Rocket Launcher from a helpful Derelict 1746 | -10/Mines | Discovered exit to Materials (range 12) 1873 | -10/Mines | Lost 5 parts (1p2n1u1w) 2276 | -10/Mines | Core integrity fell below 50% 2300 | -10/Mines | Core integrity fell below 20% 2332 | -10/Mines | Lost 4 parts (1p1n2w) 2567 | -10/Mines | Discovered new exit (range 5) 2573 | -10/Mines | Entered Exiles 2599 | -10/Exiles | Met 8R-AWN 2612 | -10/Exiles | Met EX-HEX 2654 | -10/Exiles | Met EX-DEC 2662 | -10/Exiles | Build established: Scavenger-Mutant 2670 | -10/Exiles | Visited The Gauntlet 2794 | -10/Exiles | Met EX-BIN 2809 | -10/Exiles | Aligned with FarCom system 2810 | -10/Exiles | Given EX-Vault access code 2837 | -10/Exiles | Opened EX-Vault 2850 | -10/Exiles | Found Cloak of Protection 2871 | -10/Exiles | Warned to stay clear of 0b10 Research branches 2961 | -10/Exiles | Discovered new exit (range 10) 2969 | -10/Exiles | Left Exiles lab with Cloak of Protection 2969 | -10/Exiles | Entered Mines 2983 | -9/Mines | Discovered new exit (range 6) 3316 | -9/Mines | Received a Mining Laser from a helpful Derelict 3451 | -9/Mines | Found a hidden stash of uninstalled traps 3626 | -9/Mines | Joined a pair of Derelicts in attacking an 0b10 outpost 3694 | -9/Mines | A weapon hastily lodged in a ceiling crevice suddenly fell to the ground 3730 | -9/Mines | Discovered new exit (range 9) 3758 | -9/Mines | Entered Materials 3758 | -8/Materials | Accompanied by 1 ally 3758 | -8/Materials | Evolved 4 slots: Propulsion x1, Utility x3 3763 | -8/Materials | Led the pair of lost Derelicts to an unsafe place 4823 | -8/Materials | Lost 3 parts (2n1u) 4884 | -8/Materials | Repaired Imp. Light Armor Plating 6457 | -8/Materials | Discovered new exit (range 16) 6631 | -8/Materials | Entered Factory 6631 | -7/Factory | Evolved 2 slots: Utility x2 6785 | -7/Factory | Garrison activated, responded to threat 7110 | -7/Factory | Build established: Mutant 7633 | -7/Factory | Repaired Imp. Ion Engine 7727 | -7/Factory | Discovered new exit (range 8) 7820 | -7/Factory | Identified exit to Factory 9491 | -7/Factory | Discovered new exit (range 16) 9640 | -7/Factory | Identified exit to Lower Caves 9829 | -7/Factory | Build established: Scavenger-Mutant 9889 | -7/Factory | Entered Lower Caves 9920 | -7/Lower Caves | P-60 Hacker assimilated allied IZ-WAS(S) 10266 | -7/Lower Caves | Core integrity fell below 50% 10291 | -7/Lower Caves | Lost 3 parts (1n1u1w) 10470 | -7/Lower Caves | Learned Research security intel 10711 | -7/Lower Caves | Attracted the attention of an 0b10 outpost 10819 | -7/Lower Caves | Lost 13 parts (2p4n6u1w) 11186 | -7/Lower Caves | Found DRS Beacon 11267 | -7/Lower Caves | Discovered new exit (range 3) 11269 | -7/Lower Caves | Identified exit to Lower Caves 11363 | -7/Lower Caves | Entered another Lower Caves area 11363 | -7/Lower Caves | Accompanied by 2 allies 11382 | -7/Lower Caves | Build established: Mutant 11426 | -7/Lower Caves | Discovered exit to Factory (range 10) 11565 | -7/Lower Caves | Encountered a Warlord checkpoint 12097 | -7/Lower Caves | Learned Factory terminal intel 12277 | -7/Lower Caves | Build established: Scavenger-Mutant 12278 | -7/Lower Caves | Attracted the attention of an 0b10 checkpoint 12319 | -7/Lower Caves | Discovered new exit (range 14) 12333 | -7/Lower Caves | Identified exit to Data Miner 12374 | -7/Lower Caves | Entered Data Miner 12374 | -7/Data Miner | Accompanied by 1 ally 12374 | -7/Data Miner | Discovered new exit (range 6) 12399 | -7/Data Miner | Met Data Miner 12426 | -7/Data Miner | Learned location of Section 7 (-2) 12426 | -7/Data Miner | Acquired the access code to Warlord's prototype stash 12450 | -7/Data Miner | Received God Mode back door access code from Data Miner 12480 | -7/Data Miner | Identified exit to Proximity Caves 12481 | -7/Data Miner | Entered Proximity Caves 12481 | -6/Proximity Caves | Accompanied by 1 ally 12488 | -6/Proximity Caves | Core integrity fell below 20% 12555 | -6/Proximity Caves | Learned Factory emergency access door positions 12583 | -6/Proximity Caves | Escorted by Enhanced Grunt 12589 | -6/Proximity Caves | Build established: Mutant 12744 | -6/Proximity Caves | Attracted the attention of an 0b10 checkpoint 12958 | -6/Proximity Caves | Attracted the attention of an 0b10 outpost 13077 | -6/Proximity Caves | Build established: Scavenger-Mutant 13233 | -6/Proximity Caves | System corruption reached 10% 13286 | -6/Proximity Caves | Discovered exit to Factory (range 14) 13328 | -6/Proximity Caves | Entered Factory 13328 | -6/Factory | Accompanied by 1 ally 13328 | -6/Factory | Evolved 2 slots: Power x1, Utility x1 13330 | -6/Factory | Loaded intel: 26 terminal locations 14171 | -6/Factory | Repaired Carbon-fiber Leg 14245 | -6/Factory | Repaired Broken Thermic Laser 14521 | -6/Factory | Repaired Rnf. Deuterium Engine 14573 | -6/Factory | Repaired Lgt. Angular Momentum Engine? 15594 | -6/Factory | System corruption reached 10% 15612 | -6/Factory | Lost 6 parts (3n3u) 15710 | -6/Factory | Discovered new exit (range 18) 15731 | -6/Factory | Identified exit to Lower Caves 15988 | -6/Factory | Lost 6 parts (2p1n1u2w) 16563 | -6/Factory | Build established: Hacker-Mutant 17036 | -6/Factory | Discovered new exit (range 15) 17050 | -6/Factory | Identified exit to Factory 17449 | -6/Factory | Build established: Scavenger-Mutant 18228 | -6/Factory | First assault squad dispatched 18243 | -6/Factory | Incoming assault squad redirected 18747 | -6/Factory | Build established: Mutant 18840 | -6/Factory | Sucked down chute 18840 | -6/Factory | Entered Waste 18841 | -6/Waste | Joined by Warlord forces that had cleared the area 19182 | -6/Waste | Discovered new exit (range 11) 19198 | -6/Waste | Identified exit to Factory 19235 | -6/Waste | Entered Factory 19235 | -6/Factory | Accompanied by 20 allies 19388 | -6/Factory | Lost 4 allies 19400 | -6/Factory | Discovered exit to Factory (range 8) 19536 | -6/Factory | Discovered exit to Lower Caves (range 6) 19587 | -6/Factory | Garrison activated, responded to threat 19685 | -6/Factory | Build established: Scavenger-Mutant 19696 | -6/Factory | Garrison activated, responded to threat 19756 | -6/Factory | Lost 6 allies 19777 | -6/Factory | Entered Lower Caves 19777 | -6/Lower Caves | Accompanied by 10 allies 19838 | -6/Lower Caves | Attracted the attention of an 0b10 checkpoint 19927 | -6/Lower Caves | Learned Factory emergency access door positions 20025 | -6/Lower Caves | A Derelict revealed a hidden shortcut to a safe place 20028 | -6/Lower Caves | Identified exit to Zion 20051 | -6/Lower Caves | Entered Zion 20051 | -6/Zion | Accompanied by 10 allies 20115 | -6/Zion | Given A8's code to call for help 20149 | -6/Zion | System corruption cleaned by Quarantine Array 20327 | -6/Zion | Visited the Megawrench Repair Shop 20327 | -6/Zion | Megawrench repaired 9 parts 20345 | -6/Zion | Learned location of Quarantine (-2) 20390 | -6/Zion | Found Prototype Processor 20390 | -6/Zion | Identified Spectral Analyzer 20395 | -6/Zion | Found Prototype Processor 20395 | -6/Zion | Identified Exp. Core Analyzer 20400 | -6/Zion | Found Prototype Processor 20400 | -6/Zion | Identified Exp. Terrain Scan Processor 20407 | -6/Zion | Found Prototype Processor 20407 | -6/Zion | Identified Exp. Armor Integrity Analyzer 20437 | -6/Zion | Found Prototype Hackware 20437 | -6/Zion | Identified Exp. System Shield 20749 | -6/Zion | Learned 4 Factory zone layouts 20782 | -6/Zion | Learned Factory trap positions 20917 | -6/Zion | Received a visual enhancement algorithm 20920 | -6/Zion | Ran a visual enhancement algorithm 21105 | -6/Zion | Rebuked by Imprinter 21326 | -6/Zion | Discovered new exit (range 9) 21336 | -6/Zion | Identified exit to Proximity Caves 21352 | -6/Zion | Entered Proximity Caves 21352 | -5/Proximity Caves | Accompanied by 10 allies 21438 | -5/Proximity Caves | Attracted the attention of an 0b10 checkpoint 21454 | -5/Proximity Caves | Spotter reported a threat 21454 | -5/Proximity Caves | Spotter reported a threat 21573 | -5/Proximity Caves | Spotter reported a threat 22024 | -5/Proximity Caves | Discovered exit to Factory (range 6) 22130 | -5/Proximity Caves | Entered Factory 22130 | -5/Factory | Accompanied by 10 allies 22130 | -5/Factory | Evolved 2 slots: Propulsion x1, Utility x1 22131 | -5/Factory | Identified exit to Upper Caves 22133 | -5/Factory | Loaded intel: 110 trap records 22394 | -5/Factory | Discovered exit to Upper Caves (range 5) 22430 | -5/Factory | Search patrols dispatched 22778 | -5/Factory | Build established: Hacker-Mutant 22897 | -5/Factory | P-70 Sage assimilated allied R7-ZO9(g) 22958 | -5/Factory | Lost 7 allies 23323 | -5/Factory | Build established: Scavenger-Mutant 23653 | -5/Factory | Discovered new exit (range 6) 23659 | -5/Factory | Identified exit to Factory 24028 | -5/Factory | Entered Upper Caves 24219 | -5/Upper Caves | Learned Factory stockpile data 24226 | -5/Upper Caves | Learned Factory stockpile data 24249 | -5/Upper Caves | Attracted the attention of an 0b10 base 24724 | -5/Upper Caves | Entered a destroyed Warlord outpost 24778 | -5/Upper Caves | System corruption reached 10% 24905 | -5/Upper Caves | Encountered a Warlord checkpoint 24905 | -5/Upper Caves | Discovered new exit (range 7) 24912 | -5/Upper Caves | Identified exit to Upper Caves 24970 | -5/Upper Caves | Entered another Upper Caves area 25009 | -5/Upper Caves | Discovered exit to Factory (range 12) 25080 | -5/Upper Caves | Build established: Hacker-Mutant 25420 | -5/Upper Caves | Discovered new exit (range 16) 25454 | -5/Upper Caves | Identified exit to Warlord 25480 | -5/Upper Caves | Entered Warlord 25603 | -5/Warlord | Opened Warlord's prototype stash 25622 | -5/Warlord | Found Prototype Hackware 25622 | -5/Warlord | Identified System Mapper 25629 | -5/Warlord | Found Exp. Armor Integrity Analyzer 25643 | -5/Warlord | Found Prototype Device 25643 | -5/Warlord | Identified System Purifier 25813 | -5/Warlord | Met Warlord 25826 | -5/Warlord | Warlord's base attacked by MAIN.C 26021 | -5/Warlord | Found Prototype Piercing Weapon 26021 | -5/Warlord | Identified Vortex Lance 26025 | -5/Warlord | Found Prototype Energy Gun 26025 | -5/Warlord | Identified Vortex Rifle 26176 | -5/Warlord | Warlord forces counterattacked 26255 | -5/Warlord | Opened side exit 26322 | -5/Warlord | Lost 4 allies 26349 | -5/Warlord | Core integrity fell below 50% 26352 | -5/Warlord | Spotted Executioner 26352 | -5/Warlord | Spotted Executioner 26367 | -5/Warlord | P-70 Sage assimilated allied TG-77E(g) 26379 | -5/Warlord | Core integrity fell below 20% 26381 | -5/Warlord | Spotted Executioner 26385 | -5/Warlord | P-70 Sage assimilated allied KZ-0L1(g) 26387 | -5/Warlord | Destroyed by Dirty Bomb Trap Last Messages --------------- 26383_ Penetrated by Slug. 26384_ Mak. Light Armor Plating destroyed. 26384_ P-70 Sage resets Executioner, system corruption cleaned. 26384_ G-50 Soldier overheating. 26385_ System corrupted: Component data lost. 26385_ G-50 Soldier overheating. 26385_ P-70 Sage hacks KZ-0L1(g), assimilated. 26385_ 1T-PU1(g) suffers critical hit (Destroy). 26385_ 1T-PU1(g) knocked back. 26385_ G-50 Soldier system corrupted by crushing effect. 26385_ G-50 Soldier destroyed. 26386_ R5-1TT(l) sneak attacks. 26386_ KZ-0L1(g) Flexi-carbon Leg severed. 26386_ Penetrated by Slug. 26386_ Slug penetrates Wall. 26387_ P-80 Master triggered Dirty Bomb Trap. 26387_ An explosion rips through the floor. 26387_ H-77 Assassin destroyed. Map ----- +----------------------------------------------------+ | ????????????????????????????????? | | ????????????????????????????????? | | ????????????????????????????????? | | ????????????????????????????????? | | ????????????????????????????????? | | ????????????????????????????????? | | ????????????????????????????????? | | ?????????????????????? ???????? | | ?????????????????????? [%?[%????? | | ??????????????????????? ????? | | ??????????????????????? ????? | | ?????????????# ?????#???% ????? | | ?????????????# ??### ??* ###?? | | ?????????????? ??? ##? | | ??????????????? =#; ???# % #? | | ???????????????# !%![%???# ?? | | ????????????????# / ;??# ?? | | ????????????????# b %%=??# ## | | ????????????????# mg ### # ? | | ????????????????? [#?# #? | | ####???????????????# =%*###b #? | | "############??????#=*%##E ##? | | """"""""""""#??????##!!==Eg;#?? | | """"""""""""#?####?#;%E%=!;##?? | | ### ###=p/[!!;;#?? | | /bMbM[gs%l%@! #??? | | bMM =%%%*=%= ; # | | ;;#=gl=*%= ; ; #? | | """""""" """#?##!![[;# ; p ; # | | """"""""""""#??# =;##;; % ## | | "############??## ###; ; ; ? | | ####??????????????# #?# ### | | ????????????????##%[ ### #?? | | ????????????????# = ### ##?? | | ???????????????## ##?# #??? | | ???????????????#! [#??## ##??? | | ??????????????##%[%????## #???? | | ??????????????#*[ #?????# * #???? | | ??????????????# ????##% ##??? | | ?????????????## = ????## #??? | | ?????????????# %!% #??## #??? | | ?????????????#[*!* #?# #??? | | ?????????##### = ### #??? | | ????????## # ### ##%= #??? | | ????????# #?## ##=% #??? | | ????????# ##?# # ##??? | | ????????# ## #?## * [ #???? | | ????????###### #??###= #???? | | ????????????# ##????#######???? | | ????????????# ##???????????????? | +----------------------------------------------------+ Best States ------------- Heat Dissipation 83 Energy Generation 34 Energy Capacity 370 Matter Stores 350 Matter Capacity 350 Sight Range 22 Terrain Scan Density 10 Cloak Strength 5 Armor Coverage 450 Core Shielding 30 Propulsion Shielding 66 Utility Shielding 66 Evasion (%) 55 Targeting Accuracy 8 Target Analysis 5 Armor Integrity Analysis 50 Recoil Reduction 1 Energy Filtering 30 Particle Charging 20 Offensive Hacking 31 Defensive Hacking 16 Item Schematics ----------------- Combat Drone Bay | -7/Data Miner | Free Lgt. Regenerative Plating | -7/Data Miner | Free Cld. Aerolev Unit | -7/Data Miner | Free Exp. Propulsion Shielding | -7/Data Miner | Free Antimatter Cannon | -7/Data Miner | Free Cmb. Gravmag System | -7/Data Miner | Free Adv. Cooling System | -7/Data Miner | Free Disruptor Cannon | -7/Data Miner | Free Imp. Recalibrator | -7/Data Miner | Free Adv. Melee Analysis Suite | -7/Data Miner | Free Imp. Particle Charger | -6/Zion | Archive Imp. Dynamic Insulation System | -6/Zion | Archive Adv. Field Recycling Unit | -6/Zion | Archive Adv. Heat Sink | -6/Zion | Archive Proton Cannon | -6/Zion | Archive Remote Force Field | -6/Zion | Archive Dispersion Rifle | -6/Zion | Archive Imp. Medium Treads | -6/Zion | Archive Lrn. Tractor Beam | -6/Zion | Archive Adv. Drone Bay | -6/Zion | Archive Phase Cannon | -6/Zion | Archive Adv. Focal Shield | -6/Zion | Archive Flexi-carbon Leg | -6/Zion | Archive Tesla Rifle | -6/Zion | Archive Matter Compressor | -6/Zion | Archive Robot Schematics ------------------ S-27 Virus | -7/Data Miner | Free R-10 Processor | -7/Data Miner | Free W-25 Informer | -7/Data Miner | Free G-50 Soldier | -7/Data Miner | Free M-22 Extractor | -6/Zion | Archive G-47 Trooper | -6/Zion | Archive C-57 Dissector | -6/Zion | Archive Fabricated ------------ Nothing Repaired ---------- Imp. Light Armor Plating | 7% | -8/Materials Imp. Ion Engine | 15% | -7/Factory Carbon-fiber Leg | 3% | -6/Factory Thermic Laser | 1% | -6/Factory | Broken Rnf. Deuterium Engine | 56% | -6/Factory Lgt. Angular Momentum Engine | 53% | -6/Factory Alien Tech Used ----------------- None Achievements -------------- None Challenges ------------ None Game ------ Seed EfficiencyAntigravMembrane Manual? 0 Play Time 03:08:05 Cumulative 258.6 hours Start 2025.07.24 @ 23:14:14 End 2025.07.28 @ 15:29:58 Sessions 13 Manual Loads 0 Difficulty Rogue Special Mode None Game No. 240 Rogue 240 Adventurer 0 Explorer 0 Win Type - Total 1 Types 1/0/0/0/0/0/0/0/0/0 Lore% 63 Gallery% 61 Achievement% 48 Wizard Run 0 Options --------- Layout 2 ASCII 1 Keyboard 1 Movement Numpad Keybinds 0 Fullscreen 2 Font 32/TamsynBold Map View 50x44 Zoom Use 0% Tactical HUD 1 Map Filters NONE Filters NONE Steam 1 RUN: ea6374f6-2ef1-4947-8846-01a629b834fc